details: 'why my team hate me'

« prev index next »

General information

Mini Map

Players

team 1
OrcOrcscum3 (teal | 21 APM | 26 actions | 01:13)

» actions
Build / train4
Enter build submenu3
Right click6
Select / deselect10
Use ability3
26 total
» units
Peon4
4 total
» buildings
Barracks1
Altar of Storms1
Orc Burrow1
3 total
» build order
00:20 Barracks
00:23 Altar of Storms
00:26 Orc Burrow
HumanMyTeamHatesMe (blue | 7 APM | 17 actions | 02:34)

» actions
Build / train1
Right click13
Select / deselect3
17 total
» buildings
Keep1
1 total
» build order
01:11 Keep
Orc3a3s (yellow | 24 APM | 60 actions | 02:30)

» actions
Build / train9
Enter build submenu4
Right click22
Select / deselect21
Use ability4
60 total
» units
Peon8
8 total
» buildings
Altar of Storms1
Orc Burrow1
War Mill1
Barracks1
4 total
» build order
00:24 Altar of Storms
00:35 Orc Burrow
00:52 War Mill
01:09 Barracks
Undeadyasin1 (purple | 23 APM | 34 actions | 01:28)

» actions
Build / train3
Enter build submenu4
Right click14
Select / deselect9
Use ability4
34 total
» units
Acolyte3
3 total
» buildings
Crypt1
Graveyard1
Ziggurat2
4 total
» build order
00:47 Crypt
00:56 Graveyard
00:58 Ziggurat
01:01 Ziggurat
team 2
HumanHellBoY-87 (green | 23 APM | 58 actions | 02:34)

» actions
Build / train11
Enter build submenu8
Right click10
Select / deselect22
Use ability7
58 total
» units
Peasant9
Rifleman2
11 total
» buildings
Farm3
Barracks1
Blacksmith1
Lumber Mill1
Altar of Kings1
7 total
» build order
00:24 Farm
00:38 Barracks
00:52 Blacksmith
01:21 Farm
01:29 Lumber Mill
01:52 Altar of Kings
01:57 Farm
Random» Orcstef (red | 23 APM | 58 actions | 02:34)

» actions
Build / train9
Enter build submenu4
Right click18
Select / deselect23
Use ability4
58 total
» units
Peon7
Grunt1
8 total
» buildings
Altar of Storms1
Orc Burrow2
Barracks1
4 total
» build order
00:07 Altar of Storms
00:11 Orc Burrow
00:41 Barracks
01:40 Orc Burrow
HumanDogecoin (orange | 29 APM | 74 actions | 02:34)

» actions
Build / train9
Enter build submenu5
Right click31
Select / deselect23
Use ability6
74 total
» units
Peasant8
Footman1
9 total
» buildings
Barracks1
Farm2
Altar of Kings1
Scout Tower1
5 total
» build order
00:35 Barracks
00:50 Farm
01:05 Altar of Kings
01:22 Farm
02:22 Scout Tower
Random» OrcFrenchNooOOb (pink | 36 APM | 94 actions | 02:34)

» actions
Build / train9
Enter build submenu6
Right click29
Select / deselect45
Use ability5
94 total
» units
Peon7
Grunt1
8 total
» buildings
Orc Burrow2
Altar of Storms1
Barracks1
Voodoo Lounge1
5 total
» build order
00:29 Orc Burrow
00:38 Altar of Storms
00:58 Barracks
01:46 Orc Burrow
02:09 Voodoo Lounge

Chat log

(00:10 / Allies) yasin1: hi team
(00:12 / Allies) yasin1: 100 plz
(01:08 / Allies) yasin1: blue
(01:11 / Allies) Orcscum3: another retard
(01:12 / Allies) yasin1: why you make like this ?
(02:01 / Allies) 3a3s: retard
(02:16 / Allies) 3a3s: that is wy youre team hates u